MID
ATLANTA (MID) BRAVES @ WEST VIRGINIA POWER
08/23/2047
 
TOP OF THE 1ST
Atlanta (MID) Braves batting - Pitching for West Virginia Power : LHP Mario Flores
Pitching: LHP Mario Flores
Batting: RHB Zheng-ze King 0-0: Called Strike
0-1: Ground out 4-3 (Groundball, 4, EV 82.5 MPH)
Batting: RHB Badr al Din Ridha 0-0: Ball
1-0: Reached on error, E5 (Groundball, 15, EV 80.6 MPH)
Batting: RHB Yojiro Hayashi 0-0: Ball
Badr al Din Ridha steals 2nd base
1-0: Called Strike
1-1: 2-RUN HOME RUN (Flyball, 7D, EV 100.0 MPH), Distance : 369 ft
Batting: RHB Nick Holsinger 0-0: Ball
1-0: Ball
2-0: Foul Ball, location: 2F
2-1: Ball
3-1: Foul Ball, location: 2F
3-2: Base on Balls
Batting: LHB Joe Phillips 0-0: Foul Ball, location: 2F
0-1: SINGLE (Groundball, 4D, EV 108.8 MPH)
Nick Holsinger to second
Runner from 2nd tries for 3rd, SAFE, throw by CF made to third
Batting: RHB David Zelaya 0-0: Foul Ball, location: 2F
0-1: SINGLE (Groundball, 4MD, EV 105.0 MPH)
Nick Holsinger scores
Joe Phillips to second
Runner from 2nd tries for 3rd, SAFE, throw by CF made to third
Batting: RHB George Provance 0-0: Foul Ball, location: 2F
0-1: Ball
1-1: SINGLE (Groundball, 34D, EV 107.5 MPH)
Joe Phillips scores
David Zelaya to second
Runner from 2nd tries for 3rd, SAFE, throw by RF made to third
Batting: RHB Miguel Vazquez 0-0: Ball
1-0: Ball
2-0: Called Strike
2-1: Ball
3-1: SINGLE (Groundball, 6D, EV 96.9 MPH)
David Zelaya scores
George Provance to second
Pitching: RHP R.J. Barr
Batting: LHB Malik Boulay 0-0: Ball
1-0: Called Strike
1-1: Ball
2-1: Ball
3-1: Fielders Choice at 2nd, 1-6 (Groundball, 13S, EV 66.2 MPH)
George Provance to third
Batting: RHB Zheng-ze King 0-0: Ball
1-0: Called Strike
1-1: Foul Ball, location: 2F
1-2: Ball
2-2: Foul Ball, location: 2F
2-2: Fly out, F8 (Flyball, 8RD, EV 101.9 MPH)
Top of the 1st over - 5 runs, 5 hits, 1 error, 2 left on base; Atlanta (MID) 5 - West Virginia 0
BOTTOM OF THE 1ST
West Virginia Power batting - Pitching for Atlanta (MID) Braves : RHP Alfredo Leiva
Pitching: RHP Alfredo Leiva
Batting: RHB Perry Dominey 0-0: Ball
1-0: Called Strike
1-1: Fly out, F9 (Flyball, 9LD, EV 98.8 MPH)
Batting: LHB Randy Boone 0-0: Ball
1-0: Fly out, F7 (Flyball, 7D, EV 103.1 MPH)
Batting: RHB Mike Velazquez 0-0: SINGLE (Line Drive, 6MD, EV 93.8 MPH)
Batting: LHB Gregg Kellerman 0-0: Called Strike
0-1: Ground out 4-3 (Groundball, 34D, EV 84.4 MPH)
Bottom of the 1st over - 0 runs, 1 hit, 0 errors, 1 left on base; Atlanta (MID) 5 - West Virginia 0
TOP OF THE 2ND
Atlanta (MID) Braves batting - Pitching for West Virginia Power : RHP R.J. Barr
Batting: RHB Badr al Din Ridha 0-0: Ground out 4-3 (Groundball, 4M, EV 78.8 MPH)
Batting: RHB Yojiro Hayashi 0-0: Foul Ball, location: 2F
0-1: Foul Ball, location: 2F
0-2: Ball
1-2: Foul Ball, location: 2F
1-2: SINGLE (Line Drive, 8LS, EV 93.1 MPH)
Batting: RHB Nick Holsinger 0-0: Called Strike
Yojiro Hayashi steals 2nd base
0-1: Foul Ball, location: 2F
0-2: Ball
1-2: Ball
2-2: Ball
3-2: SINGLE (Groundball, 6S, EV 67.5 MPH) (infield hit)
Yojiro Hayashi to third
Batting: LHB Joe Phillips 0-0: Ball
1-0: Ground out 4-3 (Groundball, 34S, EV 83.8 MPH)
Yojiro Hayashi scores
Nick Holsinger to second
Batting: RHB David Zelaya 0-0: Foul Ball, location: 2F
0-1: Foul Ball, location: 2F
0-2: Ground out 6-3 (Groundball, 6, EV 104.4 MPH)
Top of the 2nd over - 1 run, 2 hits, 0 errors, 1 left on base; Atlanta (MID) 6 - West Virginia 0
BOTTOM OF THE 2ND
West Virginia Power batting - Pitching for Atlanta (MID) Braves : RHP Alfredo Leiva
Batting: LHB Carlos Vega 0-0: Ball
1-0: Foul Ball, location: 2F
1-1: Called Strike
1-2: Ball
2-2: Foul Ball, location: 2F
2-2: Ground out 4-3 (Groundball, 4, EV 86.9 MPH)
Batting: RHB Jaime Dubicki 0-0: Fly out, F9 (Line Drive, 9LM, EV 98.8 MPH)
Batting: LHB Josh Aerni 0-0: SINGLE (Line Drive, 34D, EV 101.9 MPH)
Batting: RHB John DeVillier 0-0: Called Strike
0-1: Ball
1-1: Called Strike
Josh Aerni steals 2nd base
1-2: Fly out, F8 (Line Drive, 8RD, EV 86.9 MPH)
Bottom of the 2nd over - 0 runs, 1 hit, 0 errors, 1 left on base; Atlanta (MID) 6 - West Virginia 0
TOP OF THE 3RD
Atlanta (MID) Braves batting - Pitching for West Virginia Power : RHP R.J. Barr
Batting: RHB George Provance 0-0: Called Strike
0-1: Single, Error in OF, E9, batter to second base (Line Drive, 34, EV 96.9 MPH)
Batting: RHB Miguel Vazquez 0-0: Ground out 6-3 (Groundball, 6, EV 86.2 MPH)
George Provance to third
Batting: LHB Malik Boulay 0-0: Called Strike
0-1: Ball
1-1: Swinging Strike
1-2: Ball
2-2: Foul Ball, location: 2F
2-2: Strikes out looking
Batting: RHB Zheng-ze King 0-0: Ball
1-0: Called Strike
1-1: Ball
2-1: Ball
3-1: Reached on error, E6 (Groundball, 6, EV 108.8 MPH)
George Provance scores
Batting: RHB Badr al Din Ridha 0-0: Foul Ball, location: 2F
0-1: Called Strike
0-2: Strikes out swinging
Top of the 3rd over - 1 run, 1 hit, 2 errors, 1 left on base; Atlanta (MID) 7 - West Virginia 0
BOTTOM OF THE 3RD
West Virginia Power batting - Pitching for Atlanta (MID) Braves : RHP Alfredo Leiva
Batting: LHB Donald Imre 0-0: Called Strike
0-1: Foul Ball, location: 2F
0-2: Ball
1-2: Strikes out swinging
Batting: RHB Perry Dominey 0-0: Ball
1-0: Called Strike
1-1: Called Strike
1-2: Ball
2-2: Ground out 3-1 (Groundball, 34, EV 89.4 MPH)
Batting: LHB Randy Boone 0-0: Called Strike
0-1: Ball
1-1: Foul Ball, location: 2F
1-2: Strikes out looking
Bottom of the 3rd over - 0 runs, 0 hits, 0 errors, 0 left on base; Atlanta (MID) 7 - West Virginia 0
TOP OF THE 4TH
Atlanta (MID) Braves batting - Pitching for West Virginia Power : RHP R.J. Barr
Batting: RHB Yojiro Hayashi 0-0: Ball
1-0: DOUBLE (Groundball, 5L, EV 95.0 MPH)
Batting: RHB Nick Holsinger 0-0: Ball
1-0: Ball
2-0: Swinging Strike
2-1: Swinging Strike
2-2: Foul Ball, location: 2F
2-2: Ball
3-2: Foul Ball, location: 2F
3-2: Foul Ball, location: 2F
3-2: Strikes out swinging
Batting: LHB Joe Phillips 0-0: Ball
1-0: Called Strike
1-1: SINGLE (Line Drive, 56, EV 105.6 MPH)
Yojiro Hayashi to third
Batting: RHB David Zelaya 0-0: Ball
1-0: Ball
2-0: Called Strike
2-1: Ball
3-1: Base on Balls
Joe Phillips to second
Batting: RHB George Provance 0-0: Ball
1-0: Called Strike
1-1: SINGLE (Flyball, 89S, EV 87.5 MPH)
Yojiro Hayashi scores
Joe Phillips to third
David Zelaya to second
Runner from 3rd tries for Home, throw by CF and OUT! 8-2
Pitching: RHP Robbie Knowles
Batting: RHB Miguel Vazquez 0-0: Ball
1-0: Fielders Choice at 2nd, 6-4 (Groundball, 6, EV 87.5 MPH)
Top of the 4th over - 1 run, 3 hits, 0 errors, 2 left on base; Atlanta (MID) 8 - West Virginia 0
BOTTOM OF THE 4TH
West Virginia Power batting - Pitching for Atlanta (MID) Braves : RHP Alfredo Leiva
Batting: RHB Mike Velazquez 0-0: Ball
1-0: Ball
2-0: Ball
3-0: Base on Balls
Batting: LHB Gregg Kellerman 0-0: Called Strike
0-1: Ball
1-1: Fielders Choice at 2nd, 3-6 (Groundball, 34, EV 81.9 MPH)
Batting: LHB Carlos Vega 0-0: Called Strike
0-1: Foul Ball, location: 2F
0-2: Fly out, F8 (Flyball, 89M, EV 96.2 MPH)
Batting: RHB Jaime Dubicki 0-0: Called Strike
0-1: Foul Ball, location: 2F
0-2: Ball
1-2: Ball
2-2: DOUBLE (Flyball, 8RXD, EV 106.2 MPH)
Gregg Kellerman to third
Batting: LHB Josh Aerni 0-0: Ball
1-0: Ball
2-0: Foul Ball, location: 2F
2-1: DOUBLE (Groundball, 3L, EV 103.8 MPH)
Gregg Kellerman scores
Jaime Dubicki scores
Batting: RHB John DeVillier 0-0: Ball
1-0: Ball
2-0: Foul Ball, location: 2F
2-1: Foul Ball, location: 2F
2-2: Ball
3-2: Foul Ball, location: 2F
3-2: Foul Ball, location: 2F
3-2: Fly out, F6 (Line Drive, 6, EV 76.9 MPH)
Bottom of the 4th over - 2 runs, 2 hits, 0 errors, 1 left on base; Atlanta (MID) 8 - West Virginia 2
TOP OF THE 5TH
Atlanta (MID) Braves batting - Pitching for West Virginia Power : RHP Robbie Knowles
Batting: LHB Malik Boulay 0-0: Foul Ball, location: 2F
0-1: Ball
1-1: Foul Ball, location: 2F
1-2: SINGLE (Line Drive, 3D, EV 108.8 MPH)
Batting: RHB Zheng-ze King 0-0: Ball
1-0: Ball
2-0: Ball
3-0: Called Strike
3-1: Swinging Strike
3-2: Strikes out swinging
Batting: RHB Badr al Din Ridha 0-0: Called Strike
0-1: Foul Ball, location: 2F
0-2: Ball
1-2: Ball
2-2: Foul Ball, location: 2F
2-2: Ball
3-2: Strikes out swinging
Batting: RHB Yojiro Hayashi 0-0: Ground out 5-3 (Groundball, 5S, EV 65.0 MPH)
Top of the 5th over - 0 runs, 1 hit, 0 errors, 1 left on base; Atlanta (MID) 8 - West Virginia 2
BOTTOM OF THE 5TH
West Virginia Power batting - Pitching for Atlanta (MID) Braves : RHP Alfredo Leiva
Batting: LHB Donald Imre 0-0: Called Strike
0-1: Ground out 4-3 (Groundball, 34, EV 82.5 MPH)
Batting: RHB Perry Dominey 0-0: Ball
1-0: Ball
2-0: Foul Ball, location: 2F
2-1: Ground out 6-3 (Groundball, 6, EV 104.4 MPH)
Batting: LHB Randy Boone 0-0: SINGLE (Groundball, 34D, EV 107.5 MPH)
Batting: RHB Mike Velazquez 0-0: Ball
1-0: Called Strike
1-1: Foul Ball, location: 2F
1-2: Ball
2-2: Foul Ball, location: 2F
2-2: Ball
Pickoff Throw to First - Out! 1-3 CS
Bottom of the 5th over - 0 runs, 1 hit, 0 errors, 0 left on base; Atlanta (MID) 8 - West Virginia 2
TOP OF THE 6TH
Atlanta (MID) Braves batting - Pitching for West Virginia Power : RHP Robbie Knowles
Batting: RHB Nick Holsinger 0-0: Called Strike
0-1: Foul Ball, location: 2F
0-2: Ball
1-2: Ball
2-2: Ball
3-2: SINGLE (Groundball, 4MD, EV 105.6 MPH)
Batting: LHB Joe Phillips 0-0: Called Strike
0-1: Ball
1-1: Called Strike
1-2: Foul Ball, location: 2F
1-2: Strikes out looking
Batting: RHB David Zelaya 0-0: Called Strike
0-1: Called Strike
0-2: Strikes out looking
Batting: RHB George Provance 0-0: Called Strike
Nick Holsinger steals 2nd base
0-1: Ball
Wild Pitch!
Nick Holsinger to third
1-1: Foul Ball, location: 2F
1-2: Ball
2-2: Ball
3-2: Foul Ball, location: 2F
3-2: Hit by Pitch
Batting: RHB Miguel Vazquez 0-0: Swinging Strike
0-1: Foul Ball, location: 2F
0-2: Ball
1-2: Strikes out swinging
Top of the 6th over - 0 runs, 1 hit, 0 errors, 2 left on base; Atlanta (MID) 8 - West Virginia 2
BOTTOM OF THE 6TH
West Virginia Power batting - Pitching for Atlanta (MID) Braves : RHP Alfredo Leiva
Batting: RHB Mike Velazquez 0-0: Called Strike
0-1: Foul Ball, location: 2F
0-2: Strikes out swinging
Batting: LHB Gregg Kellerman 0-0: Called Strike
0-1: Foul Ball, location: 2F
0-2: Ground out 4-3 (Groundball, 4, EV 83.1 MPH)
Batting: LHB Carlos Vega 0-0: Ball
1-0: Swinging Strike
1-1: Ball
2-1: Ball
3-1: Ground out 4-3 (Groundball, 4S, EV 88.1 MPH)
Bottom of the 6th over - 0 runs, 0 hits, 0 errors, 0 left on base; Atlanta (MID) 8 - West Virginia 2
TOP OF THE 7TH
Atlanta (MID) Braves batting - Pitching for West Virginia Power : RHP Robbie Knowles
Batting: LHB Malik Boulay 0-0: SINGLE (Groundball, 25, EV 63.1 MPH) (infield hit)
Batting: RHB Zheng-ze King 0-0: Ball
1-0: Ball
2-0: Ball
3-0: Called Strike
3-1: Base on Balls
Malik Boulay to second
Batting: RHB Badr al Din Ridha 0-0: Called Strike
0-1: Ball
1-1: Foul Ball, location: 2F
1-2: Ball
2-2: Grounds into double play, 5-4-3 (Groundball, 56, EV 103.1 MPH)
Malik Boulay to third
Pitching: LHP Hujime Ishida
Batting: RHB Yojiro Hayashi 0-0: Ground out 5-3 (Groundball, 56S, EV 61.2 MPH)
Top of the 7th over - 0 runs, 1 hit, 0 errors, 1 left on base; Atlanta (MID) 8 - West Virginia 2
BOTTOM OF THE 7TH
West Virginia Power batting - Pitching for Atlanta (MID) Braves : RHP Alfredo Leiva
Batting: RHB Jaime Dubicki 0-0: Swinging Strike
0-1: SINGLE (Groundball, 6D, EV 95.0 MPH)
Batting: LHB Josh Aerni 0-0: Swinging Strike
0-1: Reached on error, E1 (Groundball, 34S, EV 65.0 MPH)
Jaime Dubicki to second
Batting: RHB John DeVillier 0-0: Ball
1-0: Foul Ball, location: 2F
1-1: Foul Ball, location: 2F
1-2: Strikes out looking
Pitching: RHP Kevin Zika
Batting: LHB Donald Imre 0-0: Ball
1-0: Called Strike
1-1: Ball
2-1: Foul Ball, location: 2F
2-2: SINGLE (Groundball, 6MD, EV 98.8 MPH)
Jaime Dubicki to third
Josh Aerni to second
Batting: RHB Perry Dominey 0-0: Swinging Strike
0-1: Ball
1-1: Foul Ball, location: 2F
1-2: Ball
2-2: Grounds into double play, 6-4-3 (Groundball, 6, EV 81.2 MPH)
Bottom of the 7th over - 0 runs, 2 hits, 1 error, 2 left on base; Atlanta (MID) 8 - West Virginia 2
TOP OF THE 8TH
Atlanta (MID) Braves batting - Pitching for West Virginia Power : LHP Hujime Ishida
Batting: RHB Nick Holsinger 0-0: Ball
1-0: Ball
2-0: Ball
3-0: Swinging Strike
3-1: Called Strike
3-2: Foul Ball, location: 2F
3-2: Strikes out swinging
Batting: LHB Joe Phillips 0-0: Ground out 1-3 (Groundball, 13, EV 68.1 MPH)
Batting: RHB David Zelaya 0-0: Ball
1-0: Swinging Strike
1-1: Swinging Strike
1-2: Ball
2-2: Strikes out swinging
Top of the 8th over - 0 runs, 0 hits, 0 errors, 0 left on base; Atlanta (MID) 8 - West Virginia 2
BOTTOM OF THE 8TH
West Virginia Power batting - Pitching for Atlanta (MID) Braves : RHP Kevin Zika
Batting: LHB Randy Boone 0-0: Called Strike
0-1: Ball
1-1: Ball
2-1: Called Strike
2-2: Ball
3-2: Foul Ball, location: 2F
3-2: Fly out, F5 (Line Drive, 5, EV 64.4 MPH)
Batting: RHB Mike Velazquez 0-0: Fly out, F9 (Flyball, 89M, EV 75.0 MPH)
Batting: LHB Gregg Kellerman 0-0: SOLO HOME RUN (Flyball, 89XD, EV 109.4 MPH), Distance : 411 ft
Batting: LHB Carlos Vega 0-0: Ball
1-0: Ball
2-0: Called Strike
2-1: Ball
3-1: Called Strike
3-2: Foul Ball, location: 2F
3-2: Base on Balls
Batting: RHB Jaime Dubicki 0-0: Called Strike
0-1: Swinging Strike
0-2: Ball
1-2: Foul Ball, location: 2F
1-2: SINGLE (Groundball, 34D, EV 98.1 MPH)
Carlos Vega to second
Runner from 2nd tries for 3rd, SAFE, throw by RF made to third
Batting: LHB Josh Aerni 0-0: Called Strike
0-1: Ball
1-1: Ball
2-1: Swinging Strike
2-2: Ball
3-2: SINGLE (Groundball, 4MD, EV 104.4 MPH)
Carlos Vega scores
Jaime Dubicki to second
Jaime Dubicki to third
Pinch Hitting: LHB Tomohiro Yokoyama 0-0: Ground out 1-3 (Groundball, 13S, EV 69.4 MPH)
Bottom of the 8th over - 2 runs, 3 hits, 0 errors, 2 left on base; Atlanta (MID) 8 - West Virginia 4
TOP OF THE 9TH
Atlanta (MID) Braves batting - Pitching for West Virginia Power : LHP Hujime Ishida
Now at 3B: Brian Moore
Batting: RHB George Provance 0-0: Called Strike
0-1: Swinging Strike
0-2: Strikes out swinging
Batting: RHB Miguel Vazquez 0-0: Swinging Strike
0-1: Ball
1-1: Called Strike
1-2: SINGLE (Groundball, 56D, EV 100.6 MPH)
Batting: LHB Malik Boulay 0-0: Called Strike
0-1: Ball
1-1: Swinging Strike
1-2: Ball
2-2: SINGLE (Groundball, 6D, EV 101.9 MPH)
Miguel Vazquez to second
Batting: RHB Zheng-ze King 0-0: Ball
1-0: Foul Ball, location: 2F
1-1: Foul Ball, location: 2F
1-2: Foul Ball, location: 2F
1-2: Strikes out swinging
Batting: RHB Badr al Din Ridha 0-0: Ball
1-0: Called Strike
1-1: Called Strike
1-2: Foul Ball, location: 2F
1-2: Fielders Choice at 2nd, 6-4 (Groundball, 6, EV 83.8 MPH)
Top of the 9th over - 0 runs, 2 hits, 0 errors, 2 left on base; Atlanta (MID) 8 - West Virginia 4
BOTTOM OF THE 9TH
West Virginia Power batting - Pitching for Atlanta (MID) Braves : RHP Kevin Zika
Pitching: RHP Carlos Dominguez
Batting: LHB Donald Imre 0-0: Ball
1-0: Called Strike
1-1: Foul Ball, location: 2F
1-2: Foul Ball, location: 2F
1-2: Foul Ball, location: 2F
1-2: Ground out U3 (Groundball, 13, EV 79.4 MPH)
Batting: RHB Perry Dominey 0-0: Called Strike
0-1: Fly out, F8 (Flyball, 8RXD, EV 90.6 MPH)
Batting: LHB Randy Boone 0-0: Ground out 4-3 (Groundball, 4, EV 81.9 MPH)
Bottom of the 9th over - 0 runs, 0 hits, 0 errors, 0 left on base; Atlanta (MID) 8 - West Virginia 4
Thursday, December 15th , 2022 - OOTP Baseball 23.9 Build 102